Map: Void Launch

Players

monk

  • Race: Protoss Protoss
  • Spawn Location: 6:00

sTkmonk

  • Race: Terran Terran
  • Spawn Location: 6:00

VOD

Have the link to the VOD?

Description

Time

  • Played on: Aug. 8, 2017, 2:17 p.m.
  • Length: 24:55
Show
View Real Time Build Order
Export as new Build Order

monk Protoss 

Build Orders:  

Get SALT Encoding   

  12  0:05  Probe (Chrono Boost)  
  13  0:16  Probe (Chrono Boost)  
  14  0:28  Probe (Chrono Boost)  
  15  0:37  Gateway  
  15  0:45  Probe (Chrono Boost)  
  16  0:56  Probe (Chrono Boost)  
  17  1:01  Assimilator  
  17  1:07  Probe (Chrono Boost)  
  18  1:13  Assimilator  
  18  1:18  Probe (Chrono Boost)  
  19  1:29  Probe (Chrono Boost)  
  20  1:39  Probe (Chrono Boost)  
  21  1:44  Zealot  
  23  1:53  Probe  
  24  2:03  Zealot  
  26  2:10  Probe (Chrono Boost)  
  26  2:16  Cybernetics Core  
  27  2:26  Probe (Chrono Boost)  
  28  2:37  Probe (Chrono Boost)  
  29  2:48  Probe (Chrono Boost)  
  30  3:09  Nexus  
  30  3:15  Probe (Chrono Boost)  
  31  3:21  Zealot  
  31  3:28  Probe (Chrono Boost)  
  34  3:39  Probe (Chrono Boost)  
  35  3:41  Stargate  
  35  3:56  Probe (Chrono Boost)  
  36  4:07  Probe (Chrono Boost)  
  36  4:09  Assimilator  
  37  4:18  Probe (Chrono Boost)  
  38  4:22  Pylon  
  38  4:26  Assimilator  
  38  4:29  Probe (Chrono Boost)  
  40  4:40  Probe (Chrono Boost)  
  40  4:48  Protoss Air Weapons Level 1  
  40  4:51  Probe (Chrono Boost)  
  40  4:52  Fleet Beacon  
  40  4:56  Probe (Chrono Boost)  
  42  5:03  Probe (Chrono Boost)  
  42  5:07  Probe (Chrono Boost)  
  44  5:14  Probe (Chrono Boost)  
  44  5:18  Probe (Chrono Boost)  
  46  5:28  Probe (Chrono Boost)  
  47  5:47  Probe (Chrono Boost)  
  48  5:53  Tempest  
  48  5:56  Probe (Chrono Boost)  
  48  5:59  Probe (Chrono Boost)  
  54  6:07  Probe (Chrono Boost)  
  54  6:09  Probe (Chrono Boost)  
  56  6:16  Probe (Chrono Boost)  
  57  6:21  Probe  
  57  6:24  Disintegration  
  58  6:38  Probe  
  59  6:41  Tempest  
  59  6:46  Tempest  
  67  7:04  Tempest  
  67  7:09  Protoss Air Weapons Level 2  
  71  7:25  Tempest  
  75  8:06  Tempest  
  75  8:10  Zealot  
  75  8:16  Death Council  
  77  8:35  Probe  
  77  8:36  Probe  
  79  8:43  Gateway  
  79  8:48  Gateway  
  79  8:52  Probe  
  79  8:53  Probe, Gateway  
  79  8:54  Forge  
  79  8:55  Tempest  
  85  9:07  Whirlwind  
  85  9:09  Probe  
  56  9:10  Probe  
  87  9:29  Tempest  
  91  9:32  Pylon  
  91  9:33  Probe  
  91  9:34  Probe  
  93  9:48  Stargate  
  93  10:07  Tempest  
  97  10:14  Zealot  
  97  10:15  Zealot  
  97  10:42  Probe x2  
  97  10:45  Zealot  
  97  10:46  Zealot  
  97  10:47  Zealot x2  
  97  10:48  Zealot x2  
  111  10:58  Protoss Air Weapons Level 3  
  111  10:59  Probe  
  112  11:00  Probe  
  113  11:15  Probe  
  113  11:17  Probe  
  115  11:26  Tempest x2  
  115  11:27  Tempest  
  127  11:33  Charge  
  127  11:40  Probe  
  127  11:41  Probe  
  129  12:20  Nexus  
  129  12:23  Assimilator  
  129  12:25  Tempest  
  131  12:31  Probe x2  
  129  12:47  Tempest  
  129  12:48  Probe x2  
  131  13:05  Probe x2  
  131  13:22  Probe x2  
  131  13:24  Tempest  
  137  13:39  Probe x2  
  139  13:48  Assimilator  
  139  13:56  Probe x2  
  141  14:00  Tempest  
  141  14:08  Protoss Ground Weapons Level 1  
  145  14:11  Tempest  
  145  14:16  Probe  
  150  14:50  Robotics Facility  
  150  14:58  Tempest  
  154  15:08  Tempest  
  158  15:32  Pylon  
  158  15:59  Tempest x2  
  166  16:00  Tempest  
  166  16:04  Photon Cannon  
  166  16:06  Photon Cannon  
  166  16:07  Photon Cannon  
  170  16:10  Photon Cannon  
  170  16:12  Photon Cannon  
  170  16:13  Photon Cannon  
  170  16:15  Photon Cannon x2  
  170  16:19  Pylon  
  170  16:24  Protoss Ground Weapons Level 2  
  170  16:25  Photon Cannon  
  170  16:38  Zealot x2  
  170  16:39  Zealot x3  
  180  16:40  Zealot x2  
  184  17:12  Tempest  
  184  17:13  Tempest x3  
  196  18:20  Photon Cannon  
  196  18:33  Photon Cannon  
  196  18:39  Zealot x2  
  200  18:48  Photon Cannon  
  200  18:50  Photon Cannon  
  200  18:51  Photon Cannon  
  200  18:54  Photon Cannon  
  200  18:56  Photon Cannon  
  200  18:57  Pylon  
  200  19:00  Photon Cannon  
  200  19:24  Pylon  
  200  19:26  Photon Cannon  
  187  19:53  Observer  
  188  20:08  Tempest  
  188  20:09  Tempest  
  196  20:22  Photon Cannon  
  196  20:25  Photon Cannon x2  
  196  20:28  Photon Cannon  
  196  20:29  Photon Cannon  
  196  20:31  Photon Cannon  
  196  20:33  Photon Cannon  
  196  20:34  Photon Cannon x2  
  196  20:35  Pylon  
  196  20:36  Photon Cannon  
  196  20:47  Pylon  
  196  20:50  Pylon  
  196  21:02  Tempest  
  200  21:23  Photon Cannon  
  200  21:25  Photon Cannon  
  200  21:26  Photon Cannon  
  200  21:28  Photon Cannon  
  200  21:29  Photon Cannon x2  
  200  21:31  Photon Cannon x3  
  200  21:33  Photon Cannon x2  
  200  21:34  Photon Cannon  
  200  21:36  Photon Cannon  
  200  21:37  Photon Cannon  
  200  21:39  Photon Cannon  
  200  21:41  Photon Cannon x2  
  200  21:43  Pylon  
  200  21:45  Photon Cannon x2  
  200  21:48  Photon Cannon x2  
  200  21:49  Photon Cannon  
  200  21:52  Photon Cannon  
  200  21:54  Photon Cannon  
  183  22:21  Photon Cannon  
  183  22:25  Tempest x2  
  189  22:30  Tempest  
  189  22:38  Tempest  
  177  23:01  Tempest  
Show
View Real Time Build Order
Export as new Build Order

sTkmonk Terran 

Build Orders:  

Get SALT Encoding   

Tags
 
Commander
ArtanisRaynor
Matchup
Co-op
Replay Pack
Co-op Speedrun
Add a new tag
Caveats
  • Supply blocks, unpowered buildings, or Contaminate may cause inaccurate times.
  • Supply counts are checked every 10 seconds.